 Dungeon Crawl Stone Soup version 0.31-a0-986-g5e6e4ef867 (webtiles) character file.

Game seed: 11207129044029981593

5 wildpjah the Grasshopper (level 1, 12/12 HPs)
             Began as a Tengu Warper on Nov 18, 2023.
             Was a Follower of Zin.
             Quit the game on level 1 of the Dungeon.
             The game lasted 00:01:36 (90 turns).

wildpjah the Grasshopper (Tengu Warper)               Turns: 90, Time: 00:01:37

Health: 12/12      AC:  3    Str: 11    XL:     1   Next: 80%
Magic:  4/4        EV: 12    Int: 13    God:    Zin [*.....]
Gold:   8          SH:  0    Dex: 13    Spells: 4/4 levels left

rFire   . . .        a - +0 falchion
rCold   . . .        (no shield)
rNeg    . . .        b - +0 leather armour
rPois   .            (helmet restricted)
rElec   .            (no cloak)
rCorr   .            (no gloves)
SInv    .            (boots unavailable)
Will    .....        (no amulet)
Stlth   +            (no ring)
HPRegen 0.22/turn    (no ring)
MPRegen 0.09/turn

%: acrobat
@: no status effects
A: beak, talons 3, acrobatic
a: Renounce Religion, Recite, Donate Gold


You were on level 1 of the Dungeon.
You worshipped Zin.
Zin was aware of your devotion.
You visited 1 branch of the dungeon, and saw 1 of its levels.

You collected 8 gold pieces.

Inventory:

Hand Weapons
 a - a +0 falchion (weapon)
Missiles
 d - 7 darts of dispersal (quivered)
Armour
 b - a +0 leather armour (worn)
Scrolls
 c - a scroll of blinking


   Skills:
 + Level 2.0 Fighting
 + Level 2.1 Long Blades
 + Level 1.0 Throwing
 + Level 1.1 Armour
 + Level 2.3 Dodging
 + Level 2.1 Spellcasting
 + Level 2.6 Translocations


You had 4 spell levels left.
You didn't know any spells.
Your spell library contained the following spells:

 Spells                   Type           Power      Damage    Failure   Level
 Blink                    Tloc           16%        N/A       17%         2
 Lesser Beckoning         Tloc           16%        N/A       17%         2
 Teleport Other           Tloc           8%         N/A       34%         3
 Manifold Assault         Tloc           8%         N/A       75%         4
 Vhi's Electric Charge    Tloc/Air       8%         N/A       89%         4


Dungeon Overview and Level Annotations

Branches:
Dungeon (1/15)

Altars:
Zin


Innate Abilities, Weirdness & Mutations

You have a beak for a mouth.
You have claws for feet.
You can magically evade attacks while moving or waiting.


Message History

A kobold comes into view. It is wielding a +0 whip.
Found 8 gold pieces.
The kobold shouts!
You closely miss the kobold. You claw the kobold.
You kill the kobold!
No target in view!
Okay, then.
Things that are here:
a +0 whip; 2 stones You now have 8 gold pieces.
An endoplasm and a goblin come into view.
The goblin shouts!
The endoplasm quivers.
A ball python comes into view.
You don't know any spells.
The ball python hisses angrily.
You barely miss the ball python. You claw the ball python.
You kill the ball python!
You hit the endoplasm. You claw the endoplasm.
You kill the endoplasm!
The goblin hits you with a +0 club.
You see here a ball python corpse.
You slash the goblin!
You kill the goblin!
Things that are here:
a +0 club; a goblin corpse HP restored.
Found a stone staircase leading down.
Found a faded altar of an unknown god.
The shining eye turns its gaze towards you.
The eye of devastation turns its gaze towards you.
The shining eye pulsates ominously.
There is a faded altar of an unknown god here.
This altar belongs to (a) Dithmenos, (b) Nemelex Xobeh or (c) Zin, but you can't tell which.
Press the corresponding letter to learn more about a god, or press enter to convert or escape to cancel.
Zin accepts your prayer! Zin welcomes you!
You can now donate money to Zin.
You can now recite Zin's Axioms of Law.
Unknown command.
Press < or > to pray at altars.
Are you sure you want to abandon this character and quit the game? (Confirm with "yes".)

##### ..... # ###...###
# #.#G#...#G#.#
#.###...###.#
#...........###
.#.....@.......#
.............#.#
#..###...###.#.# #
#G#...#G#.#.#####
.###...###.......#
............#####.#####
######.###.## #.......
#......####.#...#.
######.......##.#.


You could see 3 shining eyes and an eye of devastation.

Vanquished Creatures
  A ball python (D:1)
  An endoplasm (D:1)
  A goblin (D:1)
  A kobold (D:1)
4 creatures vanquished.

Notes
Turn   | Place    | Note
-------+----------+-------------------------------------------
     0 | D:1      | wildpjah the Tengu Warper began the quest for the Orb.
     0 | D:1      | Reached XP level 1. HP: 12/12 MP: 4/4
    78 | D:1      | Noticed a shining eye
    81 | D:1      | Noticed a shining eye
    83 | D:1      | Found a faded altar of an unknown god.
    84 | D:1      | Noticed a shining eye
    84 | D:1      | Noticed an eye of devastation
    89 | D:1      | Prayed at the altar of an unknown god.
    89 | D:1      | Became a worshipper of Zin the Law-Giver
    89 | D:1      | Reached * piety under Zin
    90 | D:1      | Quit the game

Illustrated notes

Levels and vault maps discovered:
D:1:      lightli_arrival_flooded_house, layout_basic,
          hellmonk_ecumenical_altar_watching_god, roderic_lattice_a

Action                     || total
---------------------------++-------
  Melee: Falchion          ||     4
         Kick              ||     3
 Armour: Leather armour    ||     1

Table legend: (Time is in decaauts)
 A = Elapsed time spent in this place.
 B = Non-inter-level travel time spent in this place.
 C = Inter-level travel time spent in this place.
 D = Time resting spent in this place.
 E = Time spent auto-exploring this place.
 F = Levels seen in this place.
 G = Mean time per level.
                   A        B        C        D        E       F      G
               +--------+--------+--------+--------+--------+-----+--------+
         Total |     90 |     90 |      0 |      0 |     67 |   1 |   90.0 |
       Dungeon |     90 |     90 |      0 |      0 |     67 |   1 |   90.0 |
               +--------+--------+--------+--------+--------+-----+--------+

Top non-repeatable levels by time:
     D:1: 90 daAuts
